 Dungeon Crawl Stone Soup version 0.30-a0-802-gb92711bcdf (webtiles) character file.

Game seed: 5650589136515395649

2 KennySheep the Cudgeller (level 1, 19/19 HPs)
             Began as an Armataur Monk on Feb 24, 2023.
             Got out of the dungeon alive.
             The game lasted 00:00:18 (169 turns).

KennySheep the Cudgeller (Armataur Monk)             Turns: 169, Time: 00:00:19

Health: 19/19      AC:  4    Str: 16    XL:     1   Next: 33%
Magic:  1/1        EV: 10    Int: 10    God:
Gold:   25         SH:  0    Dex: 12    Spells: 0/0 levels left

rFire   . . .      SeeInvis .    a - +0 mace
rCold   . . .      Faith    .    (no shield)
rNeg    . . .      Spirit   .    b - +0 robe
rPois   .          Reflect  .    (no helmet)
rElec   .          Harm     .    (no cloak)
rCorr   .          Roll     +    (no gloves)
Will    .....                    (no barding)
Stlth   ++                       (no amulet)
HPRegen 0.23/turn                (no ring)
MPRegen 0.07/turn                (no ring)

@: no status effects
A: large, rugged brown scales 3, deformed body, armoured tail, roll, long
tongue, awkward tongue
a: no special abilities


You escaped.
You visited 1 branch of the dungeon, and saw 1 of its levels.

You collected 25 gold pieces.

Inventory:

Hand Weapons
 a - a +0 mace (weapon)
Armour
 b - a +0 robe (worn)
Jewellery
 e - a ring of positive energy
Potions
 c - a potion of ambrosia
 d - a potion of curing {unknown}


   Skills:
 + Level 2.7 Fighting
 + Level 2.7 Maces & Flails
 - Level 2.1 Dodging
 - Level 2.1 Stealth
 + Level 0.2 Invocations


You couldn't memorise any spells.
You didn't know any spells.
Your spell library was empty.

Dungeon Overview and Level Annotations

Branches:
Dungeon (1/15)

Altars:


Innate Abilities, Weirdness & Mutations

You are completely covered in rugged brown scales. (AC +3, +7% HP)
Armour fits poorly on your strangely shaped body.
You have a long armoured tail.
You roll when moving toward enemies. (Rampage)
Your long tongue fully drains potion bottles. (2x potion effects)
Your tongue gives you trouble enunciating. (1.5x scroll delay)


Message History

The quokka bites you.
You closely miss the quokka.
The quokka is moderately wounded.
The quokka barely misses you. The quokka bites you.
You barely miss the quokka.
The quokka is moderately wounded.
The quokka barely misses you. The quokka bites you.
You closely miss the quokka.
The quokka is moderately wounded.
The quokka bites you.
You sock the quokka!
You kill the quokka!
No target in view!
HP restored.
You now have 17 gold pieces.
You open the door.
There is an open door here.
There is an open door here.
Found a stone staircase leading down.
d - a cyan potion
e - a ring of positive energy
There is a stone staircase leading down here.
You now have 25 gold pieces (gained 8).
An endoplasm comes into view.
An endoplasm is nearby!
An endoplasm is nearby!
The helpless endoplasm fails to defend itself.
You hit the endoplasm. You tail-slap the endoplasm.
You kill the endoplasm!
No target in view!
No target in view!
You open the door.
There is an open door here.
There is an open door here.
You open the door.
There is an open door here.
There is an open door here.
There is a staircase leading out of the dungeon here.
Are you sure you want to leave the Dungeon?
This will make you lose the game!
You have escaped!

........##
#######..###
...........#
........##'###
........###..#
.........#+#'###
....(....).##..#
######...#+#'#'###
##.###..#..@#
#.##'#'#'###
#....##..#
#.##+#+### #.# #..
##.. ###


There were no monsters in sight!

Vanquished Creatures
  An endoplasm (D:1)
  A quokka (D:1)
2 creatures vanquished.

Notes
Turn   | Place    | Note
-------+----------+-------------------------------------------
     0 | D:1      | KennySheep the Armataur Monk began the quest for the Orb.
     0 | D:1      | Reached XP level 1. HP: 19/19 MP: 1/1
   169 | D:$      | Got out of the dungeon alive.

Illustrated notes

Levels and vault maps discovered:
D:1:      erik_arrival_triangle_medium, layout_basic, nrook_campfire

Action                     || total
---------------------------++-------
  Melee: Mace              ||     8
         Tailslap          ||     1
   Stab: Sleeping          ||     1
 Armour: Robe              ||     2
  Dodge: Dodged            ||     3

Table legend: (Time is in decaauts)
 A = Elapsed time spent in this place.
 B = Non-inter-level travel time spent in this place.
 C = Inter-level travel time spent in this place.
 D = Time resting spent in this place.
 E = Time spent auto-exploring this place.
 F = Levels seen in this place.
 G = Mean time per level.
                   A        B        C        D        E       F      G
               +--------+--------+--------+--------+--------+-----+--------+
         Total |    171 |    145 |     26 |      0 |    121 |   1 |  171.0 |
       Dungeon |    171 |    145 |     26 |      0 |    121 |   1 |  171.0 |
               +--------+--------+--------+--------+--------+-----+--------+

Top non-repeatable levels by time:
     D:1: 171 daAuts
